AoeStats
← 111111

Nomad

508575815Analyzed
4v4 RM · 10d ago on Sep 23, 2026· 41m 43s· 8 players
Game mode
Random Map
Map size
231×231
Population
200
Speed
Normal
Resources
Standard
Victory
Conquest
Starting age
Dark Age
Ending age
Imperial Age
RankedLock teamsTeams togetherTeam positionsShared explorationLock speedFull tech treeHidden civsTurbo modeCheats
Victory
Defeat
🇦🇷 Italians · Argentina
1339
+17
🇦🇷 Persians · Argentina
1294
+19
🇨🇦 Vikings · Canada
1264
+20
🇧🇷 Dravidians · Brazil
1217
+22
🇨🇳 Muisca · China
1551
-26
🇺🇸 Italians · United States
1460
-23
🇨🇦 Spanish · Canada
1445
-23
🇨🇳 Franks · China
1000
-23
Vaod1
5:16 Loom
12:27 Feudal Age
12:53 Double-Bit Axe
15:25 Fletching
20:11 Castle Age
21:00 Stone Mining
21:19 Bodkin Arrow
22:37 Horse Collar
25:06 Bow Saw
26:23 Crossbowman
27:26 Padded Archer Armor
30:00 Ballistics
30:19 Padded Archer Armor
32:43 Heavy Plow
33:16 Leather Archer Armor
37:50 Imperial Age
38:35 Chieftains
38:45 Bracer
38:45 Elite Skirmisher
40:45 Conscription
41:08 Ring Archer Armor
40:27 Arbalester
41:26 Scale Mail Armor
41:28 Squires
42:13 Forging
111111
8:49 Loom
17:13 Feudal Age
17:48 Fishing Lines
18:14 Double-Bit Axe
21:29 Castle Age
19:47 Fletching
20:21 Stone Mining
20:57 Gold Mining
21:07 Town Watch
22:17 Bow Saw
22:13 Gillnets
23:24 Wheelbarrow
24:27 Bodkin Arrow
25:30 Padded Archer Armor
25:44 Elite Skirmisher
31:09 Hand Cart
31:20 Hand Cart
33:31 Gold Shaft Mining
34:24 Horse Collar
35:58 Bloodlines
35:48 Husbandry
36:33 Scale Barding Armor
36:38 Forging
40:20 Imperial Age
39:02 Chain Barding Armor
40:21 Cavalier
42:15 Stone Shaft Mining
41:53 Kamandaran
42:15 Conscription
42:34 Leather Archer Armor
HATamaTAH
4:09 Loom
12:11 Feudal Age
14:08 Double-Bit Axe
21:01 Castle Age
22:09 Pikeman
23:03 Bow Saw
23:35 Forging
25:15 Horse Collar
27:33 Heavy Plow
29:59 Demolition Ship
33:14 Imperial Age
31:22 Gold Mining
33:01 Fletching
33:26 Stone Mining
33:12 Elite Skirmisher
34:20 Thumb Ring
34:17 Padded Archer Armor
35:35 Scale Mail Armor
36:02 Squires
35:49 Gambesons
35:50 Arson
36:42 Iron Casting
37:09 Two-Man Saw
37:36 Chain Mail Armor
36:42 Halberdier
39:07 Blast Furnace
38:14 Town Watch
39:05 Wheelbarrow
40:18 Plate Mail Armor
40:14 Conscription
40:34 Hand Cart
40:24 Elite Urumi Swordsman
Lym
4:46 Loom
14:03 Feudal Age
17:57 Castle Age
19:04 Medium Warships
22:05 Fishing Lines
22:55 Double-Bit Axe
24:17 Bow Saw
27:29 Caravan
30:13 Imperial Age
28:21 Fletching
28:23 Gold Mining
29:10 Padded Archer Armor
30:14 Demolition Ship
30:52 Bodkin Arrow
32:18 Bracer
32:31 Horse Collar
36:09 Chemistry
35:48 Leather Archer Armor
37:56 Ballistics
38:49 Conscription
39:34 Ring Archer Armor
41:08 Pirotechnia
zhazhahui
7:23 Loom
14:39 Feudal Age
18:22 Castle Age
18:04 Double-Bit Axe
18:34 Fishing Lines
20:12 Medium Warships
20:37 Gold Mining
22:21 Padded Archer Armor
26:13 Bow Saw
28:26 Leather Archer Armor
29:38 Horse Collar
37:50 Fletching
38:06 Husbandry
38:17 Bloodlines
38:13 Scale Barding Armor
42:39 Imperial Age
41:13 Chain Barding Armor
41:04 Forging
42:28 Wheelbarrow
41:38 Town Watch
鸭子
5:01 Loom
12:29 Feudal Age
21:31 Forging
22:32 Scale Mail Armor
23:42 Scale Barding Armor
27:25 Castle Age
27:12 Stone Mining
28:48 Double-Bit Axe
33:28 Fletching
34:23 Bodkin Arrow
37:28 Padded Archer Armor
42:06 Leather Archer Armor
Harrison雨
9:02 Loom
14:26 Feudal Age
17:33 Wheelbarrow
17:48 Double-Bit Axe
23:02 Castle Age
23:17 Scale Barding Armor
23:24 Forging
24:59 Husbandry
37:37 Imperial Age
35:23 Hand Cart
34:54 Town Watch
35:31 Hand Cart
37:49 Light Cavalry
37:49 Cavalier
38:54 Gold Mining
40:17 Chain Barding Armor
41:57 Murder Holes
EricLu6
5:29 Loom
12:25 Feudal Age
13:05 Double-Bit Axe
19:12 Castle Age
17:54 Fletching
19:51 Bodkin Arrow
19:37 Fishing Lines
19:25 Crossbowman
22:49 Redemption
24:20 Sanctity
27:57 Bow Saw
28:38 Horse Collar
32:36 Wheelbarrow
32:46 Padded Archer Armor
33:45 Leather Archer Armor
34:09 Town Watch
35:23 Ballistics
38:57 Hand Cart
39:26 Masonry
Connection lost

Rejoining the realm…

Still unreachable

The connection could not be restored.

Session expired

The server has moved on; the page needs a fresh start.